 Dungeon Crawl Stone Soup version 0.27.0-1-g7a089689b8 (webtiles) character file.

Game seed: 8985582961757187633

1616 jasper the Tainter (level 8, -2/57 HPs)
             Began as a Demonspawn Venom Mage on July 31, 2021.
             Was an Elder of Cheibriados.
             Splashed by Ijyb's acid (17 damage)
             ... on level 3 of the Dungeon.
             The game lasted 00:13:28 (8772 turns).

jasper the Tainter (Demonspawn Venom Mage)          Turns: 8772, Time: 00:13:28

Health: -2/57      AC: -1    Str: 17    XL:     8   Next: 64%
Magic:  6/12       EV: 14    Int: 28    God:    Cheibriados [****..]
Gold:   413        SH:  0    Dex: 23    Spells: 3/11 levels left

rFire    . . .     SeeInvis .   i - +6 hand axe (flame)
rCold    . . .     Faith    .   (no shield)
rNeg     + + +     Spirit   .   n - +1 robe {rN+}
rPois    +         Reflect  .   (no helmet)
rElec    .         Harm     .   (no cloak)
rCorr    .         Rampage  .   (no gloves)
Will     .....                  (no boots)
Stlth    ++........             (no amulet)
HPRegen  0.19/turn              b - ring of positive energy
MPRegen  0.13/turn              f - ring of positive energy

@: corroded, very slow
A: claws 2, slimy green scales 3
a: Renounce Religion, Bend Time, Temporal Distortion, Slouch


You were on level 3 of the Dungeon.
You worshipped Cheibriados.
Cheibriados was greatly pleased with you.
You visited 2 branches of the dungeon, and saw 7 of its levels.

You collected 413 gold pieces.

Inventory:

Hand Weapons
 i - a +6 hand axe of flaming (weapon)
Missiles
 d - 381 stones
 g - 29 poisoned darts
Armour
 a - a +0 robe
 n - a +1 robe of positive energy (worn)
 q - a +0 leather armour of poison resistance
Jewellery
 b - a ring of positive energy (left claw)
 f - a ring of positive energy (right claw)
Wands
 r - a wand of acid (8)
Scrolls
 e - 2 scrolls of amnesia
 h - 3 scrolls of noise
 j - a scroll of blinking
 l - 2 scrolls of teleportation {unknown}
 o - 2 scrolls of enchant armour {unknown}
 t - 5 scrolls of fear {unknown}
 u - a scroll of identify
Potions
 c - a potion of brilliance
 k - 2 potions of flight
 m - 2 potions of heal wounds {unknown}
 p - a potion of haste
 s - a potion of might {unknown}
 v - a potion of invisibility {unknown}


   Skills:
 + Level 2.8 Fighting
 + Level 3.1 Dodging
 - Level 1.7 Stealth
 + Level 2.4 Unarmed Combat
 - Level 2.0 Spellcasting
 - Level 2.4 Conjurations
 - Level 2.0 Transmutations
 - Level 2.2 Air Magic
 - Level 8.0 Poison Magic
 * Level 5.4 Invocations


You had 3 spell levels left.
You knew the following spells:

 Your Spells              Type           Power      Damage    Failure   Level
a - Sting                 Tmut/Pois      100%       1d8       1%          1
b - Mephitic Cloud        Conj/Pois/Air  26%        N/A       4%          3
c - Olgreb's Toxic Radia  Pois           47%        N/A       3%          4

Your spell library contained the following spells:

 Spells                   Type           Power      Damage    Failure   Level
 Poisonous Vapours        Pois/Air       62%        N/A       1%          2
 Call Canine Familiar     Summ           2%         N/A       26%         3
 Portal Projectile        Hex/Tloc       4%         N/A       26%         3
 Leda's Liquefaction      Hex/Erth       1%         N/A       65%         4


Dungeon Overview and Level Annotations

Branches:
Dungeon (6/15)             Temple (1/1) D:6

Altars:
Cheibriados
Hepliaklqana
Makhleb
Trog
Wu Jian
Xom

Shops:
D:2 :

Annotations:
D:3 1 runed translucent door, Crazy Yiuf, Ijyb
D:6 Grinder


Innate Abilities, Weirdness & Mutations

You have very sharp fingernails.
You are completely covered in slimy green scales. (AC +4, rPois)


Message History

You kill the bat!
Cheibriados thoroughly appreciates the change of pace.
You start resting.
Magic restored.
Really walk into a travel-excluded area?
Casting: Sting (safe; 1% risk of failure)
Confirm with . or Enter, or press ? or * to list all spells.
Okay, then.
Casting: Sting (safe; 1% risk of failure)
Confirm with . or Enter, or press ? or * to list all spells.
You can't see any susceptible monsters within range! (Use Z to cast anyway.) Unknown command.
Really walk into a travel-excluded area?
Casting: Sting (safe; 1% risk of failure)
Confirm with . or Enter, or press ? or * to list all spells.
You begin to radiate toxic energy.
Ijyb shouts!
Ijyb is poisoned.
Ijyb looks even sicker.
Casting: Olgreb's Toxic Radiance (dangerous; 3% risk of failure)
Confirm with . or Enter, or press ? or * to list all spells.
Aiming: Sting (safe; 1% risk of failure)
Press: ? - help, Shift-Dir - straight line, f - Ijyb
Aim: Ijyb, wielding a +0 club, wearing a +0 chain mail and carrying a wand of acid (7) (lightly wounded, very poisoned, 78% to hit)
The sting hits Ijyb but does no damage.
Ijyb looks even sicker.
Ijyb is lightly wounded.
Ijyb looks as sick as possible!
Ijyb zaps a wand.
The bolt of acid hits you! The acid corrodes you!
You are splashed with acid!
Casting: Sting (safe; 1% risk of failure)
Confirm with . or Enter, or press ? or * to list all spells.
Aiming: Sting (safe; 1% risk of failure)
Press: ? - help, Shift-Dir - straight line, f/p - Ijyb
Aim: Ijyb, wielding a +0 club, wearing a +0 chain mail and carrying a wand of acid (6) (moderately wounded, extremely poisoned, 78% to hit)
The sting hits Ijyb but does no damage.
Ijyb looks as sick as possible!
Ijyb is moderately wounded.
Ijyb looks as sick as possible!
Your toxic aura wanes.
Ijyb zaps a wand.
The bolt of acid hits you!
* * * LOW HITPOINT WARNING * * *
The acid corrodes you!
You are splashed with acid!
You die...

####...##.####.###...#....♣.♣♣♣
# #......# #.# ##........♣..♣#.
#.###### #.#####......♣♣♣♣.+.
#.# #.#..†......♣♣ ♣♣#. #.#
#.#.###.###♣♣ #.# #.#.###.# #.#
#....##.## #.# #........#
####.# #.##@##....# .....# #.
#.g......# .##### #. ####......
#.# #.### .## ## ## #


You could see Ijyb (extremely poisoned).

Vanquished Creatures
  2 water moccasins (D:6)
  A black bear (D:5)
  3 necrophages
  An ogre (D:5)
  A gnoll sergeant (D:5)
  A scorpion (D:5)
  A water moccasin skeleton (D:5)
  A hound (D:6)
  A centaur skeleton (D:6)
  A bullfrog zombie (D:6)
  A gnoll shaman (D:5)
  Natasha (thrice) (D:2)
  5 orc wizards
  An iguana (D:6)
  A hound zombie (D:5)
  A hound skeleton (D:4)
  17 gnolls
  6 adders
  2 white imps
  An ufetubus (D:5)
  An adder skeleton (D:4)
  3 worms
  16 orcs
  2 endoplasms
  3 giant cockroaches
  32 goblins
  29 hobgoblins
  4 jackals (D:4)
  12 kobolds
  2 quokkas (D:2)
  5 ball pythons
  8 bats
  2 frilled lizards
  7 rats
177 creatures vanquished.

Vanquished Creatures (others)
  A bullfrog skeleton (D:5)
1 creature vanquished.

Grand Total: 178 creatures vanquished

Notes
Turn   | Place    | Note
-------+----------+-------------------------------------------
     0 | D:1      | jasper the Demonspawn Venom Mage began the quest for the
                  | Orb.
     0 | D:1      | Reached XP level 1. HP: 13/13 MP: 3/3
   371 | D:1      | Gained mutation: You have sharp fingernails. [demonic
                  | ancestry]
   371 | D:1      | Reached XP level 2. HP: 19/19 MP: 1/5
  1130 | D:1      | Found a faded altar of an unknown god.
  1332 | D:3      | Reached skill level 4 in Poison Magic
  1631 | D:3      | Reached XP level 3. HP: 24/24 MP: 4/6
  1635 | D:3      | Learned a level 3 spell: Mephitic Cloud
  2153 | D:3      | Reached skill level 5 in Poison Magic
  2153 | D:3      | Gained mutation: You are partially covered in slimy green
                  | scales. (AC +2) [demonic ancestry]
  2153 | D:3      | Reached XP level 4. HP: 11/30 MP: 0/7
  2381 | D:3      | Found a runed translucent door.
  2382 | D:3      | Noticed Crazy Yiuf
  2393 | D:3      | Noticed Ijyb
  2414 | D:2      | Found Maeza's Book Shop.
  2814 | D:2      | Noticed Natasha
  2830 | D:2      | Killed Natasha
  3126 | D:2      | Noticed Natasha
  3130 | D:2      | Killed Natasha
  3131 | D:2      | Reached XP level 5. HP: 26/35 MP: 3/8
  3354 | D:2      | Noticed Natasha
  3367 | D:2      | Killed Natasha
  3368 | D:2      | Reached skill level 6 in Poison Magic
  3513 | D:2      | Reached skill level 1 in Conjurations
  3563 | D:2      | Found a shimmering altar of Xom.
  3644 | D:4      | Reached skill level 1 in Air Magic
  4020 | D:4      | Found a snail-covered altar of Cheibriados.
  4393 | D:4      | Became a worshipper of Cheibriados the Contemplative
  4798 | D:4      | Gained mutation: You are mostly covered in slimy green
                  | scales. (AC +3) [demonic ancestry]
  4798 | D:4      | Reached XP level 6. HP: 39/41 MP: 7/9
  4815 | D:4      | Found a burning altar of Makhleb.
  4840 | D:4      | Learned a level 4 spell: Olgreb's Toxic Radiance
  4940 | D:5      | Entered Level 5 of the Dungeon
  5378 | D:5      | Gained mutation: You have very sharp fingernails. [demonic
                  | ancestry]
  5378 | D:5      | Reached XP level 7. HP: 36/46 MP: 6/10
  5483 | D:5      | Reached skill level 7 in Poison Magic
  5674 | D:5      | Reached * piety under Cheibriados
  5854 | D:5      | Reached skill level 8 in Poison Magic
  5968 | D:6      | Found an ornate altar of the Wu Jian Council.
  5980 | D:6      | Reached skill level 1 in Transmutations
  5997 | D:6      | Reached skill level 1 in Invocations
  6113 | D:6      | Found a bloodstained altar of Trog.
  6131 | D:6      | Found a staircase to the Ecumenical Temple.
  6352 | D:6      | Reached skill level 1 in Fighting
  6352 | D:6      | Reached skill level 1 in Unarmed Combat
  6383 | D:6      | Noticed Grinder
  6419 | D:6      | Gained mutation: You are completely covered in slimy green
                  | scales. (AC +4, rPois) [demonic ancestry]
  6419 | D:6      | Reached XP level 8. HP: 21/54 MP: 4/11
  6427 | Temple   | Entered the Ecumenical Temple
  7178 | D:5      | Reached ** piety under Cheibriados
  7639 | D:5      | Reached *** piety under Cheibriados
  7694 | D:5      | Reached skill level 5 in Invocations
  8210 | D:5      | Reached **** piety under Cheibriados
  8772 | D:3      | Splashed by Ijyb's acid

Illustrated notes

Levels and vault maps discovered:
D:1:      saegor_arrival_simple_c, layout_loops_ring,
          shapermc_ecumenical_altar_mp_urbaneastern, st_stairs_11,
          roderic_roman_lattice
D:2:      layout_basic, serial_shops, shop_fountains, basic_altar,
          minmay_misc_feat_four_crosses, uniq_natasha
D:3:      layout_loops_corners, uniq_crazy_yiuf_cottage, uniq_ijyb
D:4:      layout_basic, cheibrodos_worm_habitat, makhleb_blood_cavern_becter,
          serial_corexii_hall, corexii_hall_statues_x, corexii_hall_statues_l,
          chequers_serial_rivers_marsh
D:5:      minmay_goblin_kobold_castle, layout_loops_ring
D:6:      layout_basic, mainiacjoe_overflow_brackets, trog_book,
          minmay_temple_entry_trees, grunt_decor_one_mirror,
          minmay_misc_feat_more_columns, kennysheep_nub, grunt_decor_junction,
          uniq_pikel, uniq_grinder
Temple:   nicolae_temple_great_sept

Skill      XL: |  1  2  3  4  5  6  7  8 |
---------------+-------------------------+-----
Poison Magic   | 4 5 6 8 |  8.0
Conjurations   | 1 2 |  2.4
Air Magic      | 1 2 |  2.2
Transmutations | 1 2 |  2.0
Invocations    | 3 5 |  5.4
Dodging        | 2 3 |  3.1
Fighting       | 1 2 |  2.8
Unarmed Combat | 1 2 |  2.4
Stealth        | |  1.7
Spellcasting   | |  2.0

Action                   |  1- 3 |  4- 6 |  7- 9 || total
-------------------------+-------+-------+-------++-------
Melee: Hand axe          |     5 |    42 |    59 ||   106
       Unarmed           |     1 |       |       ||     1
 Cast: Sting             |    55 |   113 |    97 ||   265
       Olgreb's Toxic Ra |       |       |    18 ||    18
  Use: Scroll            |     5 |     7 |     1 ||    13
       Potion            |       |       |     2 ||     2
Armor: Robe              |     3 |    26 |    60 ||    89
Dodge: Dodged            |    16 |    49 |   110 ||   175
